 Dungeon Crawl Stone Soup version 0.31.0-1-g2c135a0 (webtiles) character file.

Game seed: 2582481483925567393

52 lyrin the Vexing (level 3, -4/27 HPs)
             Began as an Armataur Hexslinger on Jan 20, 2024.
             Succumbed to Crazy Yiuf's poison
             ... on level 2 of the Dungeon.
             The game lasted 00:02:53 (1701 turns).

lyrin the Vexing (Armataur Hexslinger)              Turns: 1701, Time: 00:02:53

Health: -4/27      AC:  5    Str: 19    XL:     3   Next: 60%
Magic:  4/4        EV:  7    Int: 13    God:
Gold:   137        SH:  8    Dex: 16    Spells: 4/4 levels left

rFire   . . .        d - +2 mace (venom)
rCold   . . .        h - +0 kite shield
rNeg    + . .        l - +0 ring mail of the Fletcher {Str+4 Dex+4}
rPois   .            (no helmet)
rElec   .            (no cloak)
rCorr   .            (no gloves)
SInv    .            (no barding)
Will    .....        (no amulet)
Stlth   +            j - ring of positive energy
HPRegen 0.24/turn    (no ring)
MPRegen 0.09/turn

%: roll
@: lethally poisoned (-4 -> -17)
A: large, deformed body, tough skin 3, armoured tail, roll 1
a: no special abilities


You were on level 2 of the Dungeon.
You visited 1 branch of the dungeon, and saw 2 of its levels.

You collected 137 gold pieces.

Inventory:

Hand Weapons
 d - a +2 mace of venom (weapon)
 k - a +3 sling
Armour
 c - a +0 robe
 h - a +0 kite shield (worn)
 l - the +0 ring mail of the Fletcher (worn) {Str+4 Dex+4}
   (You found it on level 2 of the Dungeon)

   Str+4:     It affects your strength (+4).
   Dex+4:     It affects your dexterity (+4).
Jewellery
 j - a ring of positive energy (left hand)
Scrolls
 b - a scroll of poison
 g - a scroll of identify {unknown}
 m - a scroll of butterflies {unknown}
Potions
 a - a potion of might {unknown}
 e - a potion of degeneration {unknown}
 f - 2 potions of magic {unknown}
 i - 2 potions of curing {unknown}


   Skills:
 + Level 0.9 Fighting
 + Level 0.5 Maces & Flails
 + Level 2.2 Ranged Weapons
 + Level 1.6 Dodging
 + Level 0.3 Shields
 - Level 1.0 Spellcasting
 - Level 3.2 Hexes
 + Level 0.8 Fire Magic


You had 4 spell levels left.
You didn't know any spells.
Your spell library contained the following spells:

 Spells                   Type           Power      Damage    Failure   Level
 Jinxbite                 Hex            18%        N/A       52%         2
 Sigil of Binding         Hex            9%         N/A       75%         3
 Inner Flame              Hex/Fire       5%         N/A       88%         3
 Cigotuvi's Dreadful Rot  Necr/Alch/Air  0%         N/A       91%         2
 Dazzling Flash           Conj/Hex       8%         N/A       92%         3
 Volatile Blastmotes      Fire/Tloc      2%         2d10      98%         3
 Cause Fear               Hex            4%         N/A       98%         4
 Dimensional Bullseye     Hex/Tloc       2%         N/A       100%        4
 Dispel Undead            Necr           0%         3d6       100%        4
 Martyr's Knell           Necr/Summ      0%         N/A       100%        4
 Death Channel            Necr           0%         N/A       100%        6
 Starburst                Conj/Fire      0%         6d3       100%        6
 Maxwell's Capacitive Co  Air            0%         ∞         100%        8


Dungeon Overview and Level Annotations

Branches:
Dungeon (2/15)

Altars:
Kikubaaqudgha

Annotations:
D:2 Crazy Yiuf


Innate Abilities, Weirdness & Mutations

Armour fits poorly on your strangely shaped body.
You have extremely tough skin. (AC +3)
You have a long armoured tail.
You regenerate magic when rolling toward enemies. (Rampage MPRegen)


Message History

You are caught in a web!
The web tears apart.
You roll towards the ribbon worm!
You sock the ribbon worm!
The ribbon worm is poisoned.
The ribbon worm is heavily wounded.
The ribbon worm expels a string of sticky webbing.
The stream of webbing hits you but does no damage.
You are caught in a web!
The ribbon worm bites you.
You are caught in a web!
The web tears apart.
You hit the ribbon worm.
The ribbon worm looks as sick as possible!
The ribbon worm is heavily wounded.
The ribbon worm closely misses you.
The ribbon worm expels a string of sticky webbing.
The stream of webbing misses you.
You completely miss the ribbon worm. You tail-slap the ribbon worm!
You kill the ribbon worm!
You see here a ribbon worm corpse.
Found a hammer.
Found a runed translucent door.
Crazy Yiuf shouts!
Crazy Yiuf screams, "Lay!
Blight bush hand."
Crazy Yiuf says, "Leather King arga!"
Key pressed, stopping explore.
As you open the door, it creaks loudly!
There is an open door here.
Key pressed, stopping explore.
You see here a ribbon worm corpse.
Crazy Yiuf shouts!
Crazy Yiuf waves his quarterstaff at you.
As you open the door, it creaks loudly!
You hit Crazy Yiuf but do no damage.
Crazy Yiuf hits you with a +4 quarterstaff of chaos!
Crazy Yiuf whimpers, "Paint!
Announcement tea eyeball."
Crazy Yiuf hits you with a +4 quarterstaff of chaos!
* * * LOW HITPOINT WARNING * * *
You are lethally poisoned!
You hit Crazy Yiuf.
Crazy Yiuf is poisoned.
Crazy Yiuf is moderately wounded.
You die...

#...######## #....#
.###.......# ##..## .#
#.......# ♣....♣ .#
#.......# ♣♣...♣ .#
#.......# ♣♣.♣♣ ##
#.......# ♣♣.♣ ###
#.......# ♣.♣♣ #.####
#.......# ♣♣.♣ #....#
##)##.#.# ♣@♣♣ #.##.#
####.##.#.# #g# #.##.#
##.........# ... #.##.#
.......#.### #...# #.##.#
##.......# #)..# #.##.#
##.....##### ##### ####.#
...........# #...#
##########.############.###
# #8^.#8#..............#


You could see Crazy Yiuf (very poisoned).

Vanquished Creatures
  2 dart slugs (D:2)
  A ribbon worm (D:2)
  3 bats (D:1)
  7 endoplasms
  3 giant cockroaches
  4 goblins (D:1)
  A hobgoblin (D:1)
  3 jackals (D:2)
  4 kobolds
  2 quokkas (D:1)
  5 ball pythons
  5 frilled lizards
  2 rats (D:1)
42 creatures vanquished.

Notes
Turn   | Place    | Note
-------+----------+-------------------------------------------
     0 | D:1      | lyrin the Armataur Hexslinger began the quest for the Orb.
     0 | D:1      | Reached XP level 1. HP: 15/15 MP: 2/2
   112 | D:1      | Reached skill level 3 in Hexes
   154 | D:1      | Reached XP level 2. HP: 22/22 MP: 3/3
   879 | D:2      | Reached XP level 3. HP: 24/27 MP: 4/4
  1011 | D:2      | Identified the +0 ring mail of the Fletcher {Str+4 Dex+4}
  1136 | D:2      | Found a faded altar of an unknown god.
  1283 | D:2      | Found an ancient bone altar of Kikubaaqudgha.
  1571 | D:2      | Found a runed translucent door.
  1572 | D:2      | Noticed Crazy Yiuf
  1700 | D:2      | HP: 1/27 [Crazy Yiuf/+4 quarterstaff of chaos (13)]
  1701 | D:2      | Succumbed to Crazy Yiuf's poison

Illustrated notes

Levels and vault maps discovered:
D:1:      ncdulo_halloftheorcs, layout_basic, minmay_misc_feat_square
D:2:      layout_basic, shapermc_ecumenical_altar_mp_highgroup, basic_altar,
          nicolae_twisty_statue_hallways, uniq_crazy_yiuf_cottage

Skill      XL: |  1  2  3 |
---------------+----------+-----
Hexes          | 3 |  3.2
Ranged Weapons | 2 |  2.2
Fighting       | |  0.9
Maces & Flails | |  0.5
Dodging        | |  1.6
Shields        | |  0.3
Spellcasting   | |  1.0
Fire Magic     | |  0.8

Action                     || total
---------------------------++-------
  Melee: Mace              ||    52
         Tailslap          ||     6
   Fire: Sling             ||    46
 Armour: Robe              ||    19
         Ring mail         ||    25
  Dodge: Dodged            ||    23
  Block: Kite shield       ||    24
